[Event "*** Titled Tuesday Blitz"]
[Site "Chess.com"]
[Date "2020.10.20"]
[Round "9"]
[White "pavelalexandru07"]
[Black "Gogolev_Artemy"]
[Result "1-0"]
[WhiteElo "2318"]
[BlackElo "2518"]
[TimeControl "180+1"]
[EndTime "11:48:29 PDT"]
[Termination "pavelalexandru07 won on time"]

1. e4 c6 2. d4 d5 3. e5 Bf5 4. Nf3 e6 5. Be2 c5 6. c4 Ne7 7. Nc3 Nbc6 8. dxc5 dxc4 9. Qxd8+ Rxd8 10. Bxc4 Ng6 11.
Be3 Ngxe5 12. Nxe5 Nxe5 13. Bb5+ Nc6 14. O-O Be7 15.
Rfd1 O-O 16. Bxc6 bxc6 17. Bd4 f6 18. b4 e5 19. Be3 Rxd1+ 20. Rxd1 Rb8 21. a3 Kf7 22. f3 a5 23. bxa5 Ra8 24. g4 Be6 25. Ne4 Rxa5 26. Rd3 Bd5 27. Nd6+ Ke6 28. Nb7 Ra7 29. Nd6 Bxf3 30. h3 Bd5 31. Kf2 Bxd6 32. cxd6 Kxd6 33. Bxa7 e4 34. Rc3 Ke5 35. Be3 g6 36. Rc5 f5 37. a4 f4 38. a5 fxe3+ 39. Kxe3 Kd6 40. Rc1 Kc7 41. a6 Kb6 42. Ra1 Ka7 43.
Kd4 h5 44. gxh5 gxh5 45. Rg1 h4 46. Rg5 e3 47. Kxe3 Be6 48. Rg7+ 1-0

[Event "*** Titled Tuesday Blitz"]
[Site "Chess.com"]
[Date "2020.10.20"]
[Round "9"]
[White "Vanina1989"]
[Black "Manukyan_Artak"]
[Result "1-0"]
[WhiteElo "2648"]
[BlackElo "2415"]
[TimeControl "180+1"]
[EndTime "11:48:32 PDT"]
[Termination "Vanina1989 won on time"]

1. e4 c6 2. Nf3 d5 3. Nc3 Bg4 4. h3 Bxf3 5. Qxf3 Nf6 6. Be2 e5 7.
O-O d4 8. Nb1 Nbd7 9. d3 Be7 10. Qg3 O-O 11. f4 Bd6 12. f5 Ne8 13. Nd2 b5 14. Nf3 f6 15. Qf2 c5 16. g4 h6 17. h4 Be7 18. Qg3 a5 19. g5 hxg5 20.
hxg5 fxg5 21. Bxg5 Ra6 22. Rf2 Bxg5 23. Nxg5 Rff6 24.
Raf1 Nc7 25. Rh2 Rh6 26. Rxh6 Rxh6 27. Rf2 Qe7 28. Rg2 Kf8 29. Kf2 Qf6 30. c3 b4 31.
cxd4 cxd4 32. Rg1 Qc6 33. Nf3 Ne8 34. Nxe5 Nxe5 35. Qxe5 Qc2 36. Rg2 Qxb2 37. Qxa5 Qd2 38. Qc5+ Kg8 39. Qxd4 Qf4+ 40. Kg1 Nf6 41. Qf2 Qc1+ 42.
Bf1 Qc3 43. Qb2 Qe1 44. Qf2 Qc3 45. Qe3 Rh4 46. Qg3 Rg4 47. Qb8+ Kh7 48. Rxg4 Nxg4 49.
Qg3 Qd4+ 50. Kh1 Ne3 51. Be2 Qa1+ 52. Kh2 Qc1 53. Qf2 Qd2 54. Kg3 Nc2 55. Bg4 1-0

[Event "*** Titled Tuesday Blitz"]
[Site "Chess.com"]
[Date "2020.10.20"]
[Round "9"]
[White "Kurai"]
[Black "Piotrek1979"]
[Result "1/2-1/2"]
[WhiteElo "2572"]
[BlackElo "2415"]
[TimeControl "180+1"]
[EndTime "11:48:35 PDT"]
[Termination "Game drawn by repetition"]

1. d4 g6 2. e4 Bg7 3. Nc3 c5 4.
d5 d6 5. h3 Nf6 6. Nf3 O-O 7.
Bd3 Na6 8. O-O Bd7 9. Re1 Nc7 10. a4 Rb8 11. Bg5 h6 12. Bf4 a6 13. Qd2 Kh7 14. Bh2 b5 15. axb5 axb5 16. e5 Nfxd5 17. Nxd5 Nxd5 18.
Bxg6+ fxg6 19. Qxd5 e6 20. Qxd6 Rb6 21. Qxc5 Rc6 22.
Qd4 Rc4 23. Qd3 Bc6 24. Red1 Qxd3 25. cxd3 Rb4 26. Nd2 Rxb2 27. Bg3 Bd5 28. Ra7 g5 29. h4 Kg6 30. Ne4 gxh4 31. Bxh4 Bxe4 32. dxe4 Bxe5 33.
Ra3 Rf4 34. Bg3 Rxe4 35. Bxe5 Rxe5 36. Ra5 Kf6 37. Rd3 Rf5 38. Rf3 Rxf3 39. gxf3 Kf5 40.
Kg2 e5 41. Ra8 b4 42. Rf8+ Ke6 43.
Rh8 Kd5 44. Rxh6 b3 45. Rb6 Rb1 46. Rb8 b2 47. Rb7 Kd4 48. Rb8 Kd3 49. Rd8+ Kc2 50. Rc8+ Kd2 51. Rb8 Ke2 52. Rb7 Kd2 53. Rb8 Kc2 54.
Rc8+ Kd3 55. Rb8 Ke2 56. Rb7 Kd2 57. Rb8 1/2-1/2

[Event "*** Titled Tuesday Blitz"]
[Site "Chess.com"]
[Date "2020.10.20"]
[Round "9"]
[White "sopo-tereladze"]
[Black "ehrenfeld"]
[Result "1-0"]
[WhiteElo "2323"]
[BlackElo "2464"]
[TimeControl "180+1"]
[EndTime "11:48:36 PDT"]
[Termination "sopo-tereladze won on time"]

1. e4 d6 2. d4 g6 3. Nc3 Bg7 4. Nf3 Nf6 5. h3 O-O 6. Be3 a6 7. a4 b6 8. Bd3 e6 9. O-O Bb7 10. Qe2 Nbd7 11. Rad1 c5 12. Rfe1 cxd4 13. Nxd4 Qc7 14.
Kh1 Nc5 15. f3 Rfe8 16. Qd2 Rad8 17. Bh6 e5 18. Bxg7 Kxg7 19. Nf5+ Kg8 20. Qh6 Ne6 21. Nd5 Bxd5 22. exd5 Nxd5 23. Be4 Ndf4 24.
Ne3 d5 25. Bxd5 Qe7 26. Bxe6 Nxe6 27. Nd5 Rxd5 28. Rxd5 Nf4 29. Rd2 Qf6 30. Red1 a5 31. Rd6 Qf5 32. Rd8 Qe6 33. Qg5 Kg7 34. Rxe8 Qxe8 35.
Qd8 Qxa4 36. Qd2 Qe8 37. Re1 Qe6 38. Qe3 h5 39. c3 f6 40. Qe4 h4 41. Qe3 g5 42. Kh2 Qb3 43. Qd2 Qe6 44. Rd1 Kh6 45.
Qd8 Qf5 46. Qh8+ Kg6 47. Rd8 Ne6 48. Qg8+ Kh6 49. Qh8+ Kg6 50. Rg8+ Kf7 51. Qh7+ Qxh7 52. Rc8 1-0

[Event "*** Titled Tuesday Blitz"]
[Site "Chess.com"]
[Date "2020.10.20"]
[Round "9"]
[White "Yoshikrov"]
[Black "Rubinstein_Akiba"]
[Result "0-1"]
[WhiteElo "2139"]
[BlackElo "2380"]
[TimeControl "180+1"]
[EndTime "11:48:36 PDT"]
[Termination "Rubinstein_Akiba won by resignation"]

1. e4 c5 2. Nf3 d6 3. d4 cxd4 4.
Nxd4 Nf6 5. Nc3 a6 6. Be3 e5 7. Nb3 Be6 8. f3 Nbd7 9. Qd2 h5 10.
O-O-O b5 11. Kb1 Qc7 12. g3 Rc8 13. Nd5 Bxd5 14. exd5 Nb6 15. Bxb6 Qxb6 16. Bd3 g6 17. Rhe1 Bh6 18. Qe2 O-O 19. g4 hxg4 20. fxg4 Nxd5 21.
h4 Ne3 22. g5 Nxd1 23. gxh6 Nf2 24. h5 Nxd3 25. h7+ Kh8 26. Qxd3 Qf2 27. Rf1 Qg2 28. Rd1 d5 29. a3 Qe4 30. Qd2 Qf5 31. hxg6 fxg6 32. Qxd5 Rxc2 33. Ka2 Rcc8 34. Qb7 Qf7 35. Rd7 Qe6 36. Rg7 Rce8 37. Rg8+ Rxg8 38. hxg8=Q+ Kxg8 39. Qe4 a5 40. a4 bxa4 41. Qxa4 Qe7 42. Qxa5 Qf7 43. Qb6 Re7 44. Qd8+ Kg7 45. Ka3 Ra7+ 46. Kb4 Rb7+ 47. Kc5 Rxb3 48. Qd2 Rb7 49. b4 Rc7+ 50. Kb5 Rb7+ 51. Ka4 Qd7+ 52. Ka3 Qxd2 0-1

[Event "*** Titled Tuesday Blitz"]
[Site "Chess.com"]
[Date "2020.10.20"]
[Round "9"]
[White "UmarovSabir"]
[Black "mr65"]
[Result "1/2-1/2"]
[WhiteElo "2335"]
[BlackElo "2164"]
[TimeControl "180+1"]
[EndTime "11:48:36 PDT"]
[Termination "Game drawn - insufficient material"]

1. e4 e5 2. Nf3 Nc6 3. Bc4 Nf6 4.
d3 Bc5 5. O-O O-O 6. Nc3 h6 7. Be3 Bxe3 8. fxe3 d6 9. Qe1 Be6 10.
Bb3 Bxb3 11. axb3 d5 12. exd5 Nxd5 13. e4 Nxc3 14. bxc3 f5 15. exf5 Rxf5 16. Qe4 Qf6 17. b4 Rf8 18. b5 Nd8 19. Qc4+ Ne6 20. Rxa7 Kh8 21. Rxb7 Nf4 22. Qc6 Ne2+ 23. Kh1 Qh4 24. Rxc7 Rxf3 25. gxf3 Ng3+ 26. Kg2 Nxf1 27. Kxf1 Qh3+ 28. Ke1 Qxh2 29. Rc8 Qh1+ 30. Kd2 Qg2+ 31. Kc1 Rxc8 32. Qxc8+ Kh7 33. b6 Qg1+ 34. Kd2 Qxb6 35. Qf5+ Kh8 36. Qxe5 Qf2+ 37. Kc1 Qxf3 38. c4 h5 39. c5 h4 40. Qe8+ Kh7 41. c6 h3 42.
c7 Qf4+ 43. Kb2 Qxc7 44. Qh5+ Kg8 45. Qxh3 Qb6+ 46. Kc1 Qb4 47. Kd1 Qb1+ 48. Kd2 Qb4+ 49. Ke2 Qc3 50. Qe6+ Kh8 51. Qe8+ Kh7 52. Qe4+ Kh8 53.
Qh4+ Kg8 54. Qc4+ Qxc4 55. dxc4 Kf7 56. Ke3 Ke7 57. Ke4 Kd6 58. Kd4 Kc6 59. c5 Kc7 60. Kd5 Kc8 61. c4 Kc7 62. c6 Kc8 63. Ke6 Kc7 64.
Kf5 Kxc6 65. Kg6 Kc5 66. Kxg7 Kxc4 1/2-1/2

[Event "*** Titled Tuesday Blitz"]
[Site "Chess.com"]
[Date "2020.10.20"]
[Round "9"]
[White "GothamChess"]
[Black "Ladislav1969"]
[Result "1-0"]
[WhiteElo "2608"]
[BlackElo "2431"]
[TimeControl "180+1"]
[EndTime "11:48:39 PDT"]
[Termination "GothamChess won by checkmate"]

1. e4 c5 2. a3 e6 3. b4 cxb4 4. axb4 Bxb4 5. c3 Be7 6. d4 d6 7. Bd3 Nf6 8. f4 e5 9. Nf3 Nbd7 10. O-O O-O 11. h3 exf4 12. Bxf4 b6 13. Qe2 Re8 14. Nbd2 Bb7 15. Qf2 Nf8 16. c4 Ng6 17. Be3 Bf8 18.
Qg3 Nxe4 19. Bxe4 Bxe4 20. Ng5 Bd3 21. Nxf7 Qe7 22. Rf3 Be2 23. Bg5 Qe6 24. Rf2 Bxc4 25. h4 Bd5 26. h5 Nh8 27. Nh6+ gxh6 28. Bf6+ Ng6 29. hxg6 Qe3 30. Qg4 Be6 31. Qh5 Bg7 32.
gxh7+ Kxh7 33. Nf1 Qe4 34. Bxg7 Kxg7 35. Ng3 Qg6 36. Qh2 Bg4 37. Raf1 Rf8 38. Rf4 Rxf4 39. Rxf4 Rf8 40. Nf1 h5 41. Rxf8 Kxf8 42. Qf4+ Ke7 43.
d5 Qf6 44. Qb4 Qe5 45. Qc4 Qe2 46. Qc7+ Bd7 47. Qc3 Bb5 48. Qg7+ Ke8 49. Ng3 Kd8 50. Nxe2 Bxe2 51. Qg5+ Kc7 52. Qg7+ Kc8 53. Qxa7 Kd8 54.
Qxb6+ Ke7 55. Qc7+ Kf6 56. Qxd6+ Kf5 57. Qe6+ Kg5 58.
Qxe2 h4 59. d6 h3 60. d7 h2+ 61. Kxh2 Kh4 62. d8=Q# 1-0

[Event "*** Titled Tuesday Blitz"]
[Site "Chess.com"]
[Date "2020.10.20"]
[Round "9"]
[White "Shuvalov"]
[Black "mirceaparligras"]
[Result "0-1"]
[WhiteElo "2482"]
[BlackElo "2655"]
[TimeControl "180+1"]
[EndTime "11:48:42 PDT"]
[Termination "mirceaparligras won by checkmate"]

1. Nf3 d5 2. c4 d4 3. b4 g5 4. Bb2 Bg7 5. Nxg5 e5 6. Ne4 f5 7. Nc5 a5 8. bxa5 Rxa5 9. Nb3 Ra6 10. e3 dxe3 11. fxe3 Qh4+ 12. g3 Qe4 13. Rg1 Rh6 14.
Rg2 Qc6 15. d4 exd4 16. exd4 Ne7 17. d5 Qg6 18. Bxg7 Qxg7 19. Qd4 O-O 20. Qxg7+ Kxg7 21. Nc3 Na6 22. O-O-O b6 23. Re1 Ng8 24. Nb5 Bd7 25.
N5d4 Nf6 26. Bd3 Ng4 27. Re7+ Rf7 28. Rxf7+ Kxf7 29. Bxf5 Bxf5 30. Nxf5 Rxh2 31. Rxh2 Nxh2 32. Kd2 Kf6 33. Nfd4 Kg5 34. Ke3 Ng4+ 35. Ke4 Nf2+ 36. Ke5 Kg4 37. Ne2 h5 38. Ke6 Nh1 39. Kd7 Nxg3 40. Ng1 h4 41. Kc6 Ne2 42. Nxe2 h3 43.
Kb7 Nc5+ 44. Kxc7 h2 45. Kxb6 Nxb3 46. axb3 h1=Q 47. d6 Qd1 48. Kc7 Qxe2 49. d7 Qe5+ 50. Kc6 Qb8 51. b4 Kf5 52. b5 Ke6 53. b6 Qd6+ 54.
Kb7 Qxd7+ 55. Ka8 Qa4+ 56. Kb7 Kd7 57. c5 Qc6+ 58. Ka7 Qxc5 59. Kb7 Qa5 60. Kb8 Qxb6+ 61. Ka8 Qb5 62. Ka7 Kc7 63. Ka8 Qa4# 0-1

[Event "*** Titled Tuesday Blitz"]
[Site "Chess.com"]
[Date "2020.10.20"]
[Round "9"]
[White "dpopadic"]
[Black "capatl"]
[Result "1-0"]
[WhiteElo "2408"]
[BlackElo "2512"]
[TimeControl "180+1"]
[EndTime "11:48:45 PDT"]
[Termination "dpopadic won by resignation"]

1. e4 c5 2. Nc3 e6 3. d3 a6 4. g4 b5 5. Bg2 Bb7 6. Nh3 b4 7. Ne2 d5 8. O-O dxe4 9. Ng3 Qb6 10. Nxe4 Nd7 11. Be3 Ngf6 12. a3 Nxe4 13. dxe4 a5 14.
Nf4 Be7 15. Nh5 Rg8 16. axb4 axb4 17. Rxa8+ Bxa8 18. Qd2 g6 19. Nf4 Ne5 20. Qe2 Qc7 21. Ra1 Bc6 22. Nd3 Bb5 23. Ra8+ Bd8 24. Bg5 Bxd3 25.
cxd3 Kd7 26. Bf4 f6 27. h3 Qb7 28. Ra1 Bc7 29. Kh1 Bd6 30. Qe3 g5 31. Bg3 Ra8 32. Rc1 Rc8 33. f4 gxf4 34. Bxf4 Qb6 35. Bg3 Nf7 36. Bf2 Qb5 37. d4 cxd4 38. Qd2 Rxc1+ 39. Qxc1 Qc6 40. Qxc6+ Kxc6 41. e5+ Kd7 42. exd6 e5 43. Be1 b3 44. Bd5 Nxd6 45. Bxb3 Ne4 46. Kg2 Nc5 47. Bd1 Nd3 48. Bh4 Nxb2 49. Bf3 Ke6 50. Be4 h6 51. Be1 Nd1 52. Bd2 Nc3 53. Bxc3 dxc3 54. Kf2 Kf7 55. Ke3 Ke6 56. Kd3 f5 57. Bxf5+ Kf6 58. Kxc3 Kg5 59. Kd3 h5 60. Ke4 h4 61. Kxe5 Kh6 62. Kf4 Kg7 63. g5 1-0

[Event "*** Titled Tuesday Blitz"]
[Site "Chess.com"]
[Date "2020.10.20"]
[Round "9"]
[White "eljanov"]
[Black "Sharpchess22"]
[Result "1-0"]
[WhiteElo "2891"]
[BlackElo "2765"]
[TimeControl "180+1"]
[EndTime "11:48:46 PDT"]
[Termination "eljanov won by resignation"]

1. Nf3 Nf6 2. c4 e6 3. Nc3 Bb4 4. Qc2 c5 5. a3 Ba5 6. e3 Nc6 7. Be2 d6 8. d4 O-O 9. O-O h6 10. Rd1 Bxc3 11. Qxc3 Qc7 12. b4 Ne7 13. Bb2 b6 14. dxc5 bxc5 15. b5 Bb7 16. a4 Nf5 17. a5 Rac8 18. Qc2 Qe7 19. Nd2 d5 20. cxd5 Bxd5 21.
e4 Nd4 22. Bxd4 cxd4 23. Qd3 Ba8 24. Qxd4 Rfd8 25. Qe3 Qb4 26. f3 Rc3 27. Qxa7 Rc2 28. Nf1 Rdc8 29. Bd3 Rb2 30. Rac1 Rf8 31. a6 Nh5 32.
Qc5 Qb3 33. Qc3 Qa2 34. Rc2 Rxc2 35. Qxc2 Qa3 36. g3 Qa5 37. Qc5 Nf6 38. Be2 Qa2 39.
Rd2 Qa5 40. Rc2 Nd7 41. Qc7 Qa4 42. Rd2 Nf6 43. b6 Nxe4 44. fxe4 Bxe4 45. b7 Qb4 46. Qd6 Qb3 47. Qd4 Bxb7 48. Rb2 Qd5 49. Qxd5 Bxd5 50. Ne3 Be4 51. Kf2 f5 52. Bf3 Ra8 53.
Bxe4 fxe4 54. Ra2 Ra7 55. Nc4 Kf7 56. Nd6+ Kf8 57. Nb5 Ra8 58. a7 Ke7 59. Nc7 Rf8+ 60.
Ke3 Rc8 61. a8=Q Rxc7 62. Ra7 Rxa7 63. Qxa7+ Kf6 64. Kxe4 g6 65. h4 h5 66. Qh7 e5 67.
Qh8+ Kf7 68. Kxe5 Ke7 69. Qg7+ 1-0

[Event "*** Titled Tuesday Blitz"]
[Site "Chess.com"]
[Date "2020.10.20"]
[Round "9"]
[White "KerryStead"]
[Black "shriyanasmallya"]
[Result "1-0"]
[WhiteElo "2028"]
[BlackElo "1655"]
[TimeControl "180+1"]
[EndTime "11:48:48 PDT"]
[Termination "KerryStead won by checkmate"]

1. d4 d5 2. e4 dxe4 3. Nc3 Nf6 4. f3 exf3 5. Nxf3 e6 6. Bg5 Be7 7. Bd3 h6 8. Bh4 g5 9. Bg3 Bd6 10. Ne5 Bxe5 11. Bxe5 Nbd7 12. O-O Nxe5 13. dxe5 Nd5 14. Ne4 Ne3 15. Qh5 Nxf1 16. Rxf1 Qe7 17. Nf6+ Kf8 18. h4 gxh4 19. Rf4 Qc5+ 20. Kh2 Qe7 21. Rxh4 Qc5 22. Rf4 Qe7 23. Nh7+ Ke8 24. Qxh6 Kd8 25.
Qg7 Re8 26. Nf6 Bd7 27. Nxe8 Bxe8 28. Rd4+ Bd7 29. g4 Qh4+ 30. Kg2 Ke7 31. Qf6+ Qxf6 32.
exf6+ Kxf6 33. Rxd7 Rg8 34. Kf3 Rg5 35. Rxc7 Rd5 36. Rxb7 Ra5 37. a3 a6 38. Ra7 Ra4 39. Rxa6 Rd4 40. Rc6 Rd7 41. Rc4 Rb7 42. Rf4+ Ke7 43.
b3 Rb6 44. a4 Rb7 45. Ke3 Ra7 46. g5 Kd6 47. g6 fxg6 48. Bxg6 e5 49. Rf6+ Kd5 50.
Be4+ Kc5 51. Rc6+ Kb4 52. Rc4+ Ka3 53. Kd2 Rd7+ 54. Kc3 Re7 55. Rc5 Ka2 56. a5 Ka3 57.
a6 Ka2 58. Ra5+ Kb1 59. a7 Rxa7 60. Rxa7 Kc1 61. Ra1# 1-0

[Event "*** Titled Tuesday Blitz"]
[Site "Chess.com"]
[Date "2020.10.20"]
[Round "9"]
[White "UmbertoConcelli"]
[Black "Shield12"]
[Result "1-0"]
[WhiteElo "2732"]
[BlackElo "2814"]
[TimeControl "180+1"]
[EndTime "11:48:50 PDT"]
[Termination "UmbertoConcelli won by resignation"]

1. Nf3 c5 2. c4 Nf6 3. Nc3 Nc6 4. e3 g6 5. d4 cxd4 6. exd4 d5 7. cxd5 Nxd5 8.
Bc4 Nxc3 9. Qb3 e6 10. bxc3 Bg7 11.
Ba3 Bf8 12. Bc1 Bd7 13. Be2 b6 14. O-O Bg7 15. Ba3 Bf8 16. Bc1 Bg7 17. Ba3 Na5 18.
Qc2 Bf8 19. Bxf8 Kxf8 20. Ne5 Rc8 21. c4 f6 22. Ng4 Kg7 23. Rfd1 Qe7 24. Rac1 h5 25.
Ne3 Rhd8 26. Qe4 Ba4 27. Re1 Qd6 28. d5 exd5 29. cxd5 Be8 30. Rxc8 Rxc8 31. Bxh5 f5 32. Qxf5 Bd7 33. Qg5 Qf6 34. Qxf6+ Kxf6 35. Bg4 Bxg4 36. Nxg4+ Kg5 37. h3 Nc4 38. Re6 Rd8 39. Nf6 Kf5 40. g4+ Kg5 41. Kg2 b5 42. Kg3 Kh6 43. Re7 g5 44.
Re6 a5 45. h4 gxh4+ 46. Kxh4 Kg6 47. f4 Rh8+ 48. Kg3 Rh1 49. f5+ Kf7 50. g5 Rg1+ 51. Kh4 Nd2 52. Re3 Rh1+ 53. Kg4 Rg1+ 54. Rg3 Rd1 55.
Rh3 Nc4 56. Rh7+ Kf8 57. g6 Ne5+ 58. Kf4 Nd3+ 59. Ke3 Ne5 60. g7+ Kf7 61. g8=Q+ Kxf6 62. Qe6+ 1-0

[Event "*** Titled Tuesday Blitz"]
[Site "Chess.com"]
[Date "2020.10.20"]
[Round "9"]
[White "TheBigBoss04"]
[Black "MokshanovAlexey"]
[Result "0-1"]
[WhiteElo "2729"]
[BlackElo "2574"]
[TimeControl "180+1"]
[EndTime "11:48:50 PDT"]
[Termination "MokshanovAlexey won on time"]

1. e4 e6 2. d4 d5 3. Nd2 Nf6 4. e5 Nfd7 5. f4 c5 6. c3 Nc6 7. Ndf3 Qb6 8. Ne2 f6 9. g3 Be7 10. Bh3 cxd4 11. cxd4 O-O 12. Bxe6+ Kh8 13. Bg4 Ndxe5 14.
Nxe5 fxe5 15. Bxc8 Raxc8 16. fxe5 Nxe5 17. Nf4 Bb4+ 18.
Kf1 Nc6 19. Kg2 Qxd4 20. Qxd4 Nxd4 21. Nxd5 Rc2+ 22. Kh3 Bd6 23. Be3 Nf3 24. Rad1 h5 25. Nf4 Bxf4 26. gxf4 Re2 27. Rd3 Ne1 28. Rc3 Ng2 29.
Bc1 Nxf4+ 30. Bxf4 Rxf4 31. Rd1 Rf7 32. Rd8+ Kh7 33.
Rd5 g6 34. Rdc5 Rxb2 35. Kg3 Rxa2 36. Rc7 Rf2 37. Rxf7+ Rxf7 38. Rb3 Kg7 39. h4 Kf8 40. Rc3 Kg7 41. Rb3 a6 42. Rb6 Kh7 43. Kh3 Rc7 44.
Kg3 Rc3+ 45. Kg2 Rc7 46. Kg3 a5 47. Rb5 a4 48. Rb4 Rc3+ 49. Kf4 Rb3 50. Rxa4 Kh6 51.
Ra7 Rh3 52. Ke5 Rxh4 53. Rxb7 Rg4 54. Kf6 Rf4+ 55. Ke5 Kg5 56. Rb4 Rxb4 0-1

[Event "*** Titled Tuesday Blitz"]
[Site "Chess.com"]
[Date "2020.10.20"]
[Round "9"]
[White "mr_gustavo"]
[Black "Anton_Demchenko"]
[Result "0-1"]
[WhiteElo "2423"]
[BlackElo "2800"]
[TimeControl "180+1"]
[EndTime "11:48:50 PDT"]
[Termination "Anton_Demchenko won by checkmate"]

1. e4 c6 2. Nc3 d5 3. Nf3 dxe4 4. Nxe4 Nf6 5. Nc3 Nbd7 6. d4 g6 7. Bc4 Bg7 8. O-O O-O 9. Ne5 c5 10. Nxf7 Rxf7 11. Bxf7+ Kxf7 12. dxc5 Qc7 13. Be3 Nxc5 14. Nd5 Qc6 15. Nxf6 Bxf6 16. Qe2 Ne6 17. c3 b6 18.
Rad1 Bb7 19. f3 Rc8 20. Rfe1 Qc4 21. Qxc4 Rxc4 22. Rd7 Rc7 23. Rxc7 Nxc7 24. Rd1 Ke6 25. Bd4 Bd5 26. b3 Bxd4+ 27. Rxd4 b5 28. Kf2 Kf6 29. Ke3 e5 30. Rd2 Ke7 31. f4 Kf6 32. g4 exf4+ 33.
Kxf4 g5+ 34. Ke3 Ke5 35. Rf2 Be6 36. h3 Nd5+ 37. Kd2 Nf4 38. Rf3 Bd5 39. Re3+ Be4 40. a4 bxa4 41. bxa4 Nd5 42. Re1 Nb6 43. Ra1 Nc4+ 44.
Ke2 a5 45. Rd1 Bc6 46. Rd8 Bxa4 47. Rh8 Bc2 48. Re8+ Kd6 49. Rd8+ Kc5 50. Rc8+ Kb5 51. Rg8 Bg6 52. Rb8+ Ka4 53. Kd1 Ka3 54. Kc1 a4 55.
Rb7 Na5 56. Rb5 Nb3+ 57. Kd1 Kb2 58. Rb7 a3 59. c4 a2 60. Ra7 a1=Q+ 61. Rxa1 Kxa1 62.
Ke2 Kb2 63. Ke3 Kc3 64. c5 Nxc5 65. h4 gxh4 66. Kf4 h3 67. Kg5 h2 68. Kf4 h1=Q 69.
Kg5 Qd5+ 70. Kh6 Qf7 71. g5 Qf8# 0-1

[Event "*** Titled Tuesday Blitz"]
[Site "Chess.com"]
[Date "2020.10.20"]
[Round "9"]
[White "kai_nov"]
[Black "Oligan22"]
[Result "1/2-1/2"]
[WhiteElo "2288"]
[BlackElo "2432"]
[TimeControl "180+1"]
[EndTime "11:48:51 PDT"]
[Termination "Game drawn by repetition"]

1. d4 Nf6 2. c4 e6 3. Nc3 Bb4 4. f3 O-O 5. e4 d5 6. e5 Nfd7 7. cxd5 exd5 8. a3 Ba5 9. b4 Bb6 10. Be3 Nxe5 11. Bf2 Ng6 12. h4 Re8+ 13. Nge2 Nf4 14.
Qd2 Qf6 15. Be3 Nxe2 16. Bxe2 c6 17. Kf2 a5 18. b5 Nd7 19. Rad1 Nf8 20. Na4 Bc7 21.
Bg5 Qd6 22. b6 Qg3+ 23. Kf1 Bd6 24. Nc5 h6 25. Be3 Ne6 26. Nxe6 Bxe6 27. a4 Bb4 28.
Bf4 Bxd2 29. Bxg3 Bb4 30. Kf2 Bf5 31. Bd3 Bxd3 32. Rxd3 Re7 33. Bf4 Rae8 34. Re3 f6 35. h5 Kf7 36. g4 Re6 37. Rb1 Rxe3 38. Bxe3 Re6 39. Rb2 Ke7 40. Bd2 Bxd2 41. Rxd2 Kd6 42. Rc2 Re8 43. Rc5 Ra8 44. Ke3 Ra6 45. Kf4 Ke6 46.
Kg3 Rxb6 47. Rxa5 Rb4 48. Ra7 Kd6 49. a5 Kc7 50. a6 Rb6 51. axb7 Rxb7 52. Ra8 Kb6 53. Rg8 Kb5 54. Kf4 Kc4 55. Rc8 Kxd4 56.
Rxc6 Rd7 57. Kf5 Ke3 58. Ke6 Rd8 59. Rc3+ Kf4 60. Rd3 d4 61. Ke7 Rd5 62. Kf7 Rd7+ 63. Ke6 Rd8 64. Ke7 Rd5 65. Ke6 Rd8 1/2-1/2

[Event "*** Titled Tuesday Blitz"]
[Site "Chess.com"]
[Date "2020.10.20"]
[Round "9"]
[White "Sergey85Rodchenkov"]
[Black "paulrusan"]
[Result "1-0"]
[WhiteElo "2425"]
[BlackElo "2232"]
[TimeControl "180+1"]
[EndTime "11:48:51 PDT"]
[Termination "Sergey85Rodchenkov won on time"]

1. e4 g6 2. d4 Bg7 3. Nf3 d6 4. c3 Nf6 5. Bd3 O-O 6. O-O Nbd7 7. Re1 e5 8. Bg5 h6 9. Bh4 Re8 10. Nbd2 Qe7 11. Qc2 Qf8 12. a4 Nh5 13. dxe5 Nxe5 14. Bf1 Nf4 15. a5 a6 16. b4 Bg4 17. Nxe5 dxe5 18. f3 Be6 19. Nb3 g5 20. Bf2 Rad8 21.
Nc5 Bc8 22. Rad1 Rxd1 23. Rxd1 Rd8 24. Bc4 Rd6 25. Be3 Qd8 26. Rxd6 cxd6 27. Nd3 Be6 28. Bxe6 Nxe6 29. Qb3 Qc7 30. c4 Nd4 31. Bxd4 exd4 32.
g3 Kf8 33. Kg2 Qe7 34. c5 f5 35. Qd5 fxe4 36. fxe4 Be5 37. cxd6 Bxd6 38. Qxd4 Qe6 39. e5 Be7 40. Qe4 Qa2+ 41. Kf3 Qc2 42. e6 Qd1+ 43. Kg2 Qh5 44. Ne5 Bd6 45. Qf5+ Ke7 46. Ng4 Bxb4 47. Qf6+ Kd6 48. e7+ Kd7 49. Ne5+ Kc7 50.
Qe6 Qe8 51. Ng6 Bxa5 52. Qe5+ Kd7 53. Qf5+ Kc7 54. Qf8 Kd7 55. Ne5+ Ke6 56. Qxe8 Kxe5 57. Qf7 Kd6 58. e8=Q 1-0

[Event "*** Titled Tuesday Blitz"]
[Site "Chess.com"]
[Date "2020.10.20"]
[Round "9"]
[White "IwkooO"]
[Black "Arfan48"]
[Result "1-0"]
[WhiteElo "2633"]
[BlackElo "2408"]
[TimeControl "180+1"]
[EndTime "11:48:55 PDT"]
[Termination "IwkooO won by resignation"]

1. e4 c6 2. d4 d5 3. e5 c5 4.
dxc5 Nc6 5. Nf3 e6 6. Be3 Nh6 7. Bxh6 gxh6 8. c4 d4 9. a3 a5 10. Nbd2 Bxc5 11. Ne4 Be7 12. Qd2 Qc7 13. Qxh6 Nxe5 14.
Nxd4 Ng6 15. Nb5 Qe5 16. Qe3 O-O 17. Nbc3 Bd7 18. Be2 f5 19. Nd2 Qxe3 20. fxe3 Bc6 21.
Bf3 Rfd8 22. Ke2 Ne5 23. Rhd1 Nxf3 24. Nxf3 Bf6 25. Nd4 Bd7 26. Ndb5 Bc6 27. Nc7 Rac8 28. Nxe6 Re8 29. Nf4 Bg5 30. Ncd5 Bxd5 31. Nxd5 Rxc4 32. Rac1 Rce4 33. Rd3 f4 34. Rdd1 fxe3 35. Rc7 R4e5 36. Nc3 Rf5 37. Rdd7 Rf2+ 38. Ke1 Bf6 39. Nd5 Bxb2 40.
Ne7+ Kf7 41. Nf5+ Kg6 42. Nh4+ Kg5 43. Nf3+ Kf4 44. Rf7+ Ke4 45. Rxb7 Bc3+ 46. Kd1 e2+ 47. Kc1 e1=Q+ 48. Nxe1 Bxe1 49. Rbe7+ Kd3 50. Rxe8 Bd2+ 51. Kd1 Rxf7 52. Rd8+ Ke3 53. Rxd2 Rf1+ 54. Kc2 Ra1 55.
Rd3+ Ke2 56. Rg3 Ra2+ 57. Kb3 Rd2 58. Ka4 Kf2 59. Kxa5 Rd5+ 60. Kb4 h5 61. a4 h4 62. Rg6 Rd4+ 63. Kb5 Rd5+ 64. Kb6 h3 65. gxh3 Rh5 66. Rg3 Rxh3 67. Rxh3 1-0

[Event "*** Titled Tuesday Blitz"]
[Site "Chess.com"]
[Date "2020.10.20"]
[Round "9"]
[White "SergeyKarjakin"]
[Black "GalperinPlaton"]
[Result "1-0"]
[WhiteElo "2912"]
[BlackElo "2835"]
[TimeControl "180+1"]
[EndTime "11:48:56 PDT"]
[Termination "SergeyKarjakin won by resignation"]

1. e4 e5 2. Nf3 d6 3. d4 exd4 4.
Nxd4 Nf6 5. Nc3 Be7 6. g3 d5 7. e5 Ng4 8. Bg2 Nxe5 9. Qe2 Nec6 10.
Be3 Nxd4 11. Bxd4 O-O 12. Nxd5 Bb4+ 13. Nxb4 Qxd4 14. c3 Qc5 15. Nd3 Qb6 16. O-O Bf5 17. Nf4 c6 18. Rad1 Na6 19. Rfe1 Nc5 20. Qe5 Bg6 21.
h4 f6 22. Qe2 Rfe8 23. Qg4 Bf7 24. Rxe8+ Rxe8 25. b4 Ne4 26. Bxe4 Rxe4 27. Rd7 Re1+ 28. Kg2 Qb5 29. Rd8+ Be8 30. Nd3 Re7 31. c4 Qb6 32. Qc8 Kf7 33. a4 Qa6 34. Qf5 Qxc4 35. Qh5+ Kf8 36.
Qxh7 Qe4+ 37. Qxe4 Rxe4 38. Rb8 b6 39. Ra8 a5 40.
bxa5 Rxa4 41. a6 c5 42. a7 Ke7 43. Kf1 Bb5 44. Ke2 Ra3 45. Rb8 Bxd3+ 46. Ke3 Bf5+ 47.
Kf4 Rxa7 48. Kxf5 Ra6 49. Kg6 c4 50. Kxg7 Kd7 51. h5 c3 52. h6 c2 53. h7 c1=Q 54.
h8=Q Qc7 55. Qe8+ Kd6+ 56. Kf8 Ra7 57. Rd8+ Kc5 58. Rc8 b5 59. Qe7+ Kb6 60. Rxc7 Rxc7 61. Qxf6+ Rc6 62. Qd4+ Kb7 63. g4 Rc8+ 64. Ke7 Rc7+ 1-0

[Event "*** Titled Tuesday Blitz"]
[Site "Chess.com"]
[Date "2020.10.20"]
[Round "9"]
[White "catzapto"]
[Black "ZverevLev"]
[Result "0-1"]
[WhiteElo "2133"]
[BlackElo "2253"]
[TimeControl "180+1"]
[EndTime "11:48:56 PDT"]
[Termination "ZverevLev won by checkmate"]

1. e4 e5 2. Nf3 Nc6 3. d4 exd4 4.
Bc4 Bc5 5. c3 Nf6 6. cxd4 Bb4+ 7. Nc3 Nxe4 8. O-O Bxc3 9. bxc3 d5 10. Re1 O-O 11. Qc2 dxc4 12. Qxe4 Bd7 13. Bg5 f6 14. Qd5+ Kh8 15. Bh4 b5 16. Qxb5 Nxd4 17. Qxc4 Nxf3+ 18.
gxf3 Bf5 19. Rad1 Qc8 20. Bg3 c6 21. Rd6 c5 22. Re7 Rb8 23. h4 Rb1+ 24. Kh2 Qa8 25. Qd5 Qc8 26. Qc6 h5 27. Qxc8 Rxc8 28. Rd5 g6 29.
Bd6 Rd8 30. c4 Rc1 31. Bc7 Rc8 32. Rd8+ Rxd8 33. Bxd8 Rxc4 34. Rxa7 Rxh4+ 35. Kg1 Rc4 36. Bxf6+ Kg8 37. Rg7+ Kf8 38. Rc7 Rc1+ 39. Kh2 c4 40. a4 Rc2 41. a5 Rxf2+ 42. Kg3 Ra2 43. Rxc4 Rxa5 44. Rc7 Be6 45. Bg7+ Kg8 46. f4 Ra3+ 47. Kf2 Bd5 48. Bh6 Rf3+ 49. Ke2 Rg3 50. Kf2 Rg2+ 51. Ke3 h4 52. Kd4 h3 53. Kxd5 h2 54. Ke6 h1=Q 55.
Kf6 Qa1+ 56. Ke7 Re2+ 57. Kd8 Qf6+ 58. Kc8 Re8+ 59. Kb7 Re7 60. Bg5 Rxc7+ 61. Kxc7 Qd4 62. Kc6 Kf7 63. Kb5 Ke6 64. Kc6 Qc4+ 65. Kb7 Kd6 66. Ka8 Kc7 67. Bd8+ Kxd8 68. f5 Kc7 69. fxg6 Qa6# 0-1